 Dungeon Crawl Stone Soup version 0.31-a0-981-geadf994 (webtiles) character file.

Game seed: 7298670583256994163

6462 Dorkslayer the Cleaver (level 10, -2/76 HPs)
             Began as a Demonspawn Fighter on Oct 31, 2023.
             Was a High Priest of Lugonu.
             Slain by a 12-headed hydra (12 damage)
             ... on level 10 of the Dungeon.
             The game lasted 00:21:18 (8314 turns).

Dorkslayer the Cleaver (Demonspawn Fighter)         Turns: 8314, Time: 00:21:19

Health: -2/76      AC: 19    Str: 20    XL:     10   Next: 68%
Magic:  14/14      EV: 16    Int: 11    God:    Lugonu [*****.]
Gold:   578        SH:  5    Dex: 12    Spells: 9/9 levels left

rFire   . . .        x - +5 broad axe (spect)
rCold   . . .        c - +0 buckler
rNeg    . . .        f - +0 chain mail
rPois   .            p - +0 helmet
rElec   .            j - +0 cloak
rCorr   .            t - +2 pair of gloves {hurl}
SInv    .            (no boots)
Will    .....        (no amulet) Stlth
                     i - +5 ring of evasion
HPRegen 0.32/turn    o - +4 ring of protection
MPRegen 0.14/turn

%: no passive effects
@: lethally poisoned (-2 -> -4)
A: claws 1, repulsion field 1, demonic guardian 2, foul stench 2
a: Renounce Religion, Depart the Abyss, Banish, Corrupt, Enter the Abyss


You were on level 10 of the Dungeon.
You worshipped Lugonu.
Lugonu was extremely pleased with you.
You visited 1 branch of the dungeon, and saw 10 of its levels.

You collected 659 gold pieces.
You spent 81 gold pieces at shops.

Inventory:

Hand Weapons
 a - a +1 war axe
 x - a +5 spectral broad axe (weapon)
Missiles
 q - 2 javelins (quivered)
 y - 10 boomerangs
Armour
 c - a +0 buckler (worn)
 f - a +0 chain mail (worn)
 j - a +0 cloak (worn)
 p - a +0 helmet (worn)
 t - a +2 pair of gloves of hurling (worn)
Jewellery
 i - a +5 ring of evasion (left hand)
 o - a +4 ring of protection (right hand)
Wands
 b - a wand of mindburst (11)
 d - a wand of flame (39)
 z - a wand of paralysis (16)
Scrolls
 e - 4 scrolls of immolation
 n - 4 scrolls of teleportation
 s - 2 scrolls of blinking
 u - 2 scrolls of silence
 w - 3 scrolls of enchant armour
 A - a scroll of poison
Potions
 g - 2 potions of cancellation
 h - a potion of enlightenment
 k - a potion of resistance
 l - 2 potions of curing
 m - a potion of heal wounds
 r - a potion of attraction {unknown}
 v - a potion of magic {unknown}
 B - a potion of degeneration {unknown}


   Skills:
 + Level 5.6 Fighting
 + Level 9.6 Axes
 + Level 1.1 Throwing
 + Level 5.6 Armour
 + Level 5.1 Dodging
 + Level 1.1 Stealth
 + Level 4.7 Shields
 * Level 6.2 Invocations
 * Level 4.9 Evocations


You had 9 spell levels left.
You didn't know any spells.
Your spell library contained the following spells:

 Spells                   Type           Power      Damage    Failure   Level
 Magic Dart               Conj           0%         1d3       96%         1
 Necrotise                Necr           0%         1d4       96%         1
 Sting                    Tmut/Pois      0%         1d3       96%         1
 Summon Small Mammal      Summ           0%         N/A       96%         1
 Call Imp                 Summ           0%         N/A       99%         2
 Poisonous Vapours        Pois/Air       0%         N/A       99%         2
 Scorch                   Fire           0%         2d5       99%         2
 Call Canine Familiar     Summ           0%         N/A       100%        3
 Dazzling Flash           Conj/Hex       0%         N/A       100%        3
 Frozen Ramparts          Ice            0%         1d1       100%        3
 Mephitic Cloud           Conj/Pois/Air  0%         N/A       100%        3
 Summon Guardian Golem    Hex/Summ       0%         N/A       100%        3
 Vampiric Draining        Necr           0%         2d6       100%        3
 Volatile Blastmotes      Fire/Tloc      0%         2d10      100%        3
 Flame Wave               Conj/Fire      0%         2d4       100%        4
 Olgreb's Toxic Radiance  Pois           0%         N/A       100%        4
 Petrify                  Tmut/Erth      0%         N/A       100%        4
 Summon Ice Beast         Ice/Summ       0%         N/A       100%        4
 Agony                    Necr           0%         N/A       100%        5
 Metabolic Englaciation   Hex/Ice        0%         N/A       100%        5
 Summon Mana Viper        Hex/Summ       0%         N/A       100%        5
 Starburst                Conj/Fire      0%         6d3       100%        6
 Summon Cactus Giant      Summ           0%         N/A       100%        6
 Monstrous Menagerie      Summ           0%         N/A       100%        7
 Maxwell's Capacitive Co  Air            0%         ∞         100%        8


Dungeon Overview and Level Annotations

Branches:
Dungeon (10/15)            Temple (0/1) D:6             Orc (0/2) D:10
   Lair: D:8-11

Altars:
Ashenzari
Cheibriados
Dithmenos
Gozag
Kikubaaqudgha
Makhleb
Okawaru
Qazlal
Ru
Trog
Uskayaw
Vehumet
Wu Jian
Lugonu

Shops:
D:3 *   D:6 [

Annotations:
D:10 foff's ghost, novice SpVM


Innate Abilities, Weirdness & Mutations

You have sharp fingernails.
You are surrounded by a mild repulsion field. (EV +2)
A demonic guardian rushes to your aid.
You sometimes emit foul miasma when damaged in melee.


Message History

The 11-headed hydra bites you.
Unknown command.
You feel sick.
Aiming: Paralyse
Press: ? - help, Shift-Dir - straight line, f/p - 11-headed hydra
Aim: an 11-headed hydra (noxious fumes, chance to affect: 27%)
The 11-headed hydra easily resists.
You feel sick.
The 11-headed hydra bites you but does no damage.
The 11-headed hydra misses you. You block the 11-headed hydra's attack.
The 11-headed hydra bites you!
A demonic guardian appears!
The 11-headed hydra barely misses you.
The 11-headed hydra bites you but does no damage.
You block the 11-headed hydra's attack.
The 11-headed hydra bites you but does no damage. x2
You block the 11-headed hydra's attack.
The 11-headed hydra bites you but does no damage.
Aiming: Paralyse
Press: ? - help, Shift-Dir - straight line, f/p - 11-headed hydra
Aim: an 11-headed hydra (noxious fumes, ally target, chance to affect: 27%)
The 11-headed hydra easily resists.
You feel sick. The 11-headed hydra closely misses you.
The 11-headed hydra bites you but does no damage.
The 11-headed hydra bites you. The 11-headed hydra misses you.
The 11-headed hydra bites you but does no damage. x2
The 11-headed hydra closely misses you.
The 11-headed hydra bites you but does no damage. x2
The 11-headed hydra bites you!
* * * LOW HITPOINT WARNING * * *
The 11-headed hydra bites you but does no damage.
Your rust devil hits the 11-headed hydra!
Your rust devil corrodes the 11-headed hydra!
You barely miss the 11-headed hydra.
The 11-headed hydra is lightly wounded.
Your +5 spectral broad axe hits the 11-headed hydra!
Your +5 spectral broad axe hacks one of the 11-headed hydra's heads off!
The ten-headed hydra grows two more!
You feel sick. The 12-headed hydra bites you.
* * * LOW HITPOINT WARNING * * *
The 12-headed hydra bites you!
You die...

### ##############.#### ###
..............#...# ##.##
##........####.##.### ##...##
#...#####.# #.#....####.....##
#.#.### #.# #.#............#.##
..#...# #.# #........##.).###.##
#####.###.#######.#.......##
##.# ..#............(@4.......##
##. #.#.#.....######D####.###.##
##.# ..........# #W# #.#
##.###.## ##.##...### ####°##
#.# #..#.## #.##..##~♣♣##....#
#.# #...##
#.#####~).?.#.#..###.####..##
#.# ♣.....'.#............# #.#
...)..'..<...........#####
#.####♣.$...'.#............#....


You could see a 12-headed hydra (corroded, ally target), foff's ghost, a
friendly rust devil (summoned) and a friendly +5 spectral broad axe.

Vanquished Creatures
  2 two-headed ogres
  Sigmund (D:5)
  2 shadows (D:9)
  A vampire (D:10)
  A wyvern (D:10)
  2 steam dragons
  Menkaure (D:6)
  A water moccasin (D:5)
  An ice beast (D:6)
  A sky beast (D:7)
  An orc warrior (D:10)
  4 ogres (D:5)
  4 centaurs
  3 kobold brigands (D:9)
  Blork the orc (D:5)
  A gnoll sergeant (D:7)
  3 scorpions
  5 bullfrogs
  11 killer bees
  3 vampire bats (D:4)
  2 howler monkeys (D:6)
  4 jellies
  3 iron imps (D:7)
  4 hounds
  4 orc priests
  2 gnoll boudas (D:6)
  A sleepcap (D:5)
  6 iguanas
  11 orc wizards
  12 gnolls
  6 adders
  A shadow imp (D:7)
  3 white imps (D:7)
  A worm (D:4)
  5 dart slugs
  36 orcs
  6 ball pythons
  6 bats
  5 bat skeletons (D:4)
  2 bat zombies (D:4)
  7 endoplasms
  4 giant cockroaches
  8 goblins
  8 hobgoblins
  3 jackals (D:2)
  17 kobolds
  6 quokkas
  6 frilled lizards
  2 rats (D:2)
230 creatures vanquished.

Vanquished Creatures (collateral kills)
  A black bear (D:4)
  An ice beast (D:7)
  An orc warrior (D:7)
  An iguana (D:4)
  A shadow imp (D:5)
  2 orcs
7 creatures vanquished.

Vanquished Creatures (others)
  A gnoll (D:7)
1 creature vanquished.

Grand Total: 238 creatures vanquished

Notes
Turn   | Place    | Note
-------+----------+-------------------------------------------
     0 | D:1      | Dorkslayer the Demonspawn Fighter began the quest for the
                  | Orb.
     0 | D:1      | Reached XP level 1. HP: 18/18 MP: 1/1
    96 | D:1      | Gained mutation: You have sharp fingernails. [demonic
                  | ancestry]
    96 | D:1      | Reached XP level 2. HP: 21/24 MP: 2/2
   118 | D:1      | Found a faded altar of an unknown god.
   145 | D:1      | Prayed at the altar of an unknown god.
   145 | D:1      | Became a worshipper of Lugonu the Unformed
   145 | D:1      | Reached * piety under Lugonu
   316 | D:1      | Reached skill level 2 in Axes
   672 | D:2      | Reached XP level 3. HP: 29/29 MP: 3/3
   795 | D:2      | Reached ** piety under Lugonu
   796 | D:2      | Reached skill level 1 in Dodging
  1077 | D:2      | Found a hide-covered altar of Uskayaw.
  1122 | D:2      | Gained mutation: A weak demonic guardian rushes to your
                  | aid. [demonic ancestry]
  1122 | D:2      | Reached XP level 4. HP: 20/35 MP: 4/4
  1381 | D:3      | Found Ossyorph's Assorted Antiques.
  1383 | D:3      | Bought a fizzy white potion for 27 gold pieces
  1383 | D:3      | Bought a coppery potion for 27 gold pieces
  1383 | D:3      | Bought a lumpy purple potion for 27 gold pieces
  1754 | D:3      | Found a bloodstained altar of Trog.
  1910 | D:3      | Identified the +3 rapier of Resumed Hostilities {flame,
                  | rPois Int+3}
  2265 | D:4      | Noticed a scorpion
  2274 | D:4      | Killed a scorpion
  2275 | D:4      | Reached skill level 3 in Axes
  2275 | D:4      | Reached XP level 5. HP: 9/41 MP: 5/5
  2487 | D:4      | Found an iron altar of Okawaru.
  2512 | D:4      | Found a broken altar of Ashenzari.
  2685 | D:4      | Reached XP level 6. HP: 47/47 MP: 6/6
  2782 | D:4      | Found an ancient bone altar of Kikubaaqudgha.
  2790 | D:4      | Reached skill level 4 in Axes
  2903 | D:4      | Found a stormy altar of Qazlal.
  2903 | D:4      | Found a sacrificial altar of Ru.
  3060 | D:4      | Gained mutation: A demonic guardian rushes to your aid.
                  | [demonic ancestry]
  3060 | D:4      | Reached XP level 7. HP: 45/53 MP: 7/7
  3158 | D:5      | Entered Level 5 of the Dungeon
  3162 | D:5      | Reached skill level 5 in Axes
  3264 | D:5      | Noticed Blork the orc
  3277 | D:5      | Killed Blork the orc
  3292 | D:5      | Reached *** piety under Lugonu
  3341 | D:5      | Noticed Sigmund
  3358 | D:5      | Killed Sigmund
  3359 | D:5      | Reached skill level 6 in Axes
  3359 | D:5      | Gained mutation: You may rarely emit foul miasma when
                  | damaged in melee. [demonic ancestry]
  3359 | D:5      | Reached XP level 8. HP: 31/60 MP: 8/8
  3780 | D:5      | Found a radiant altar of Vehumet.
  3817 | D:5      | Reached skill level 7 in Axes
  3924 | D:6      | Found Soorerem's Antique Armour Shop.
  4016 | D:6      | Noticed Menkaure
  4021 | D:6      | Killed Menkaure
  4048 | D:6      | Found a staircase to the Ecumenical Temple.
  4129 | D:6      | Reached skill level 1 in Invocations
  4134 | D:6      | Gained mutation: You are surrounded by a mild repulsion
                  | field. (EV +2) [demonic ancestry]
  4134 | D:6      | Reached XP level 9. HP: 67/67 MP: 9/9
  4215 | D:6      | Reached skill level 1 in Evocations
  4220 | D:6      | Reached **** piety under Lugonu
  4421 | D:6      | You fall into a shaft and drop 3 floors!
  4655 | D:7      | Found an opulent altar of Gozag.
  4691 | D:7      | Found a shadowy altar of Dithmenos.
  4705 | D:7      | Reached skill level 8 in Axes
  4705 | D:7      | Reached skill level 1 in Throwing
  5721 | D:7      | Found a burning altar of Makhleb.
  5907 | D:7      | Noticed a two-headed ogre
  5913 | D:7      | Killed a two-headed ogre
  5914 | D:7      | Reached skill level 5 in Fighting
  5914 | D:7      | Reached skill level 5 in Armour
  6238 | D:8      | Gained mutation: You sometimes emit foul miasma when
                  | damaged in melee. [demonic ancestry]
  6238 | D:8      | Reached XP level 10. HP: 54/74 MP: 13/13
  6577 | D:8      | Found a snail-covered altar of Cheibriados.
  6614 | D:8      | Reached ***** piety under Lugonu
  6977 | D:9      | Reached skill level 9 in Axes
  7165 | D:9      | Found an ornate altar of the Wu Jian Council.
  7472 | D:9      | Reached skill level 5 in Invocations
  7579 | D:10     | Entered Level 10 of the Dungeon
  7612 | D:10     | Noticed a two-headed ogre
  7619 | D:10     | Killed a two-headed ogre
  7713 | D:10     | Found a hide-covered altar of Uskayaw.
  7747 | D:10     | Reached skill level 5 in Dodging
  7866 | D:10     | Reached skill level 1 in Stealth
  8172 | D:10     | Found a staircase to the Orcish Mines.
  8297 | D:10     | Found a runed translucent gate.
  8297 | D:10     | Found a runed translucent gate.
  8301 | D:10     | Found a runed translucent gate.
  8301 | D:10     | Noticed an 11-headed hydra
  8301 | D:10     | Noticed foff's ghost (novice SpVM)
  8314 | D:10     | Slain by a 12-headed hydra

Illustrated notes

Levels and vault maps discovered:
D:1:      amcnicky_arrival_feature_with_door, layout_basic,
          hellmonk_ecumenical_altar_blasted
D:2:      layout_rooms, basic_altar, minmay_pentomino_pile
D:3:      layout_basic, dreamdust_divine_triumvirate, marbit_many_paths,
          serial_shops, shop, kennysheep_nondescript
D:4:      layout_rooms, mainiacjoe_overflow_boulevard,
          kennysheep_vampire_church, ashenzari_altar_1, jmf_multi_god_temple,
          nrook_loot_triangle, minmay_mini_jars
D:5:      layout_rooms, mainiacjoe_overflow_small_starburst, uniq_sigmund,
          uniq_blork_the_orc
D:6:      layout_basic, minmay_temple_entry_tees, serial_shops,
          nicolae_shop_statue_plus, uniq_menkaure
D:7:      layout_basic, nicolae_dithmenos_the_darkroom,
          nicolae_gozag_seed_capital, demons_altar
D:8:      layout_basic, kennysheep_slug_shrine
D:9:      layout_basic, pdpol_wu_jian_five_deadly_venoms, lightli_orcish_oven
D:10:     layout_loops_ring, lemuel_doored_altar, hiddenorc1_lemuel,
          gammafunk_ghost_hydra_chop

Skill      XL: |  1  2  3  4  5  6  7  8  9 10 |
---------------+-------------------------------+-----
Axes           | 2 3 4 6 7 8 9 |  9.6
Armour         | 3 4 5 |  5.6
Shields        | 3 4 |  4.7
Dodging        | 1 2 3 4 5 |  5.1
Fighting       | 4 5 |  5.6
Invocations    | 1 4 6 |  6.2
Evocations     | 3 4 |  4.9
Throwing       | 1 |  1.1
Stealth        | 1 |  1.1

Action                     |  1- 3 |  4- 6 |  7- 9 | 10-12 || total
---------------------------+-------+-------+-------+-------++-------
  Melee: War axe           |   132 |   112 |   222 |       ||   466
         Broad axe         |       |       |    93 |   103 ||   196
  Throw: Javelin           |       |       |    11 |     4 ||    15
  Evoke: Wand              |       |       |     2 |     5 ||     7
    Use: Scroll            |     1 |    11 |     9 |       ||    21
         Potion            |       |     1 |     5 |       ||     6
   Stab: Paralysed         |       |       |       |     2 ||     2
         Distracted        |       |       |       |     1 ||     1
 Armour: Scale mail        |    41 |       |       |       ||    41
         Chain mail        |    49 |    83 |   198 |    89 ||   419
  Dodge: Dodged            |   112 |    99 |   263 |    86 ||   560
  Block: Buckler           |    36 |    34 |    82 |    25 ||   177

Table legend: (Time is in decaauts)
 A = Elapsed time spent in this place.
 B = Non-inter-level travel time spent in this place.
 C = Inter-level travel time spent in this place.
 D = Time resting spent in this place.
 E = Time spent auto-exploring this place.
 F = Levels seen in this place.
 G = Mean time per level.
                   A        B        C        D        E       F      G
               +--------+--------+--------+--------+--------+-----+--------+
         Total |   8492 |   8492 |      0 |    235 |   5140 |  10 |  849.2 |
       Dungeon |   8492 |   8492 |      0 |    235 |   5140 |  10 |  849.2 |
               +--------+--------+--------+--------+--------+-----+--------+

Top non-repeatable levels by time:
     D:6: 1090 daAuts
     D:7: 1032 daAuts
     D:4: 975 daAuts
     D:3: 905 daAuts
     D:8: 895 daAuts
     D:5: 769 daAuts
    D:10: 741 daAuts
     D:9: 700 daAuts
     D:1: 694 daAuts
     D:2: 688 daAuts
